 Dungeon Crawl Stone Soup version 0.22.0-75-g3901e79 (webtiles) character file.

559 PaladinM the Slasher (level 7, -2/52 HPs)
             Began as a Human Fighter on Sept 11, 2018.
             Slain by an iguana (11 damage)
             ... on level 4 of the Dungeon.
             The game lasted 00:11:09 (3684 turns).

PaladinM the Slasher (Human Fighter)                Turns: 3684, Time: 00:11:10

Health: -2/52      AC:  9    Str: 23    XL:     7   Next: 57%
Magic:  7/7        EV:  7    Int:  8    God:
Gold:   117        SH:  9    Dex: 13    Spells: 6/6 levels left

rFire    + . .     SeeInvis .   a - +0 long sword
rCold    . . .     Gourm    .   c - +0 shield
rNeg     . . .     Faith    .   b - +0 scale mail
rPois    .         Spirit   .   r - +0 helmet
rElec    .         Reflect  .   (no cloak)
rCorr    .         Harm     .   (no gloves)
MR       .....                  q - +0 pair of boots (curse)
Stlth    ..........             (no amulet)
HPRegen  0.17/turn              h - ring of protection from fire
MPRegen  0.10/turn              (no ring)

@: mighty
A: no striking features
a: no special abilities


You were on level 4 of the Dungeon.
You were not hungry.

You visited 1 branch of the dungeon, and saw 4 of its levels.

You collected 117 gold pieces.

Inventory:

Hand Weapons
 a - a +0 long sword (weapon)
Armour
 b - a +0 scale mail (worn)
 c - a +0 shield (worn)
 q - a cursed +0 pair of boots (worn)
 r - a +0 helmet (worn)
Jewellery
 h - a ring of protection from fire (left hand)
Scrolls
 j - 6 scrolls of identify {unknown}
 k - 2 scrolls of enchant armour {unknown}
 l - 2 scrolls of fog {unknown}
 n - 3 scrolls of teleportation {unknown}
Potions
 d - a potion of might
 e - 2 potions of brilliance {unknown}
 g - 3 potions of haste {unknown}
 i - a potion of magic {unknown}
 m - a potion of flight {unknown}
 o - a potion of mutation {unknown}
 p - a potion of heal wounds {unknown}
 s - a potion of degeneration {unknown}
 t - 2 potions of curing
Comestibles
 f - 10 rations
 u - a chunk of flesh


   Skills:
 - Level 3.0 Fighting
 + Level 7.8 Long Blades
 - Level 3.0 Armour
 - Level 3.0 Shields


You had 6 spell levels left.
You didn't know any spells.
Your spell library was empty.

Dungeon Overview and Level Annotations

Branches:
Dungeon (4/15)
 Temple: D:4-7

Altars:
Kikubaaqudgha
Xom


Message History

The worker ant bites you. You block the ogre's attack.
You slash the ogre!
The ogre is moderately wounded.
You block the worker ant's attack. The ogre hits you with a giant club.
You slice the ogre!!
You kill the ogre!
The worker ant bites you. x2
You hit the worker ant.
The worker ant is lightly wounded.
The worker ant closely misses you.
You riposte.
You hit the worker ant.
The worker ant is moderately wounded.
You slash the worker ant!
You kill the worker ant!
You slice the giant cockroach!!
You kill the giant cockroach!
You barely miss the iguana. The iguana bites you!
* * * LOW HITPOINT WARNING * * *
You closely miss the iguana. You block the iguana's attack.
You barely miss the iguana. The iguana bites you!
You die...

#############
###.........).## #### #
###.######.......# ..#
#.###...ggJl@)......#######.#
#.......#######.#........).<.
#.##.#### #.#...######### #.#
#.##### #.# #.#


hls #.# ..... .. .....## #..#.## You could see an iguana, 2 gnolls and an ooze.

Vanquished Creatures
  2 ogres (D:4)
  A howler monkey (D:4)
  A hound (D:4)
  An orc priest (D:3)
  An orc wizard (D:2)
  A worker ant (D:4)
  9 gnolls
  7 adders
  2 oozes (D:2)
  2 worms
  5 dart slugs
  2 leopard geckos
  3 orcs (D:2)
  4 bats
  5 giant cockroaches
  9 goblins
  6 hobgoblins
  3 jackals (D:3)
  3 frilled lizards (D:1)
  6 kobolds
  11 rats
84 creatures vanquished.

Notes
Turn   | Place    | Note
-------+----------+-------------------------------------------
     0 | D:1      | PaladinM the Human Fighter began the quest for the Orb.
     0 | D:1      | Reached XP level 1. HP: 18/18 MP: 1/1
    37 | D:1      | Reached XP level 2. HP: 24/24 MP: 2/2
   201 | D:1      | Reached skill level 3 in Long Blades
   310 | D:1      | Reached XP level 3. HP: 14/29 MP: 3/3
   703 | D:1      | Reached skill level 4 in Long Blades
   703 | D:1      | Reached XP level 4. HP: 28/35 MP: 4/4
  1182 | D:2      | Found a shimmering altar of Xom.
  1407 | D:3      | Reached XP level 5. HP: 9/41 MP: 5/5
  1744 | D:3      | Reached skill level 5 in Long Blades
  2242 | D:3      | Found an ancient bone altar of Kikubaaqudgha.
  2765 | D:2      | Reached XP level 6. HP: 43/47 MP: 6/6
  2779 | D:3      | Reached skill level 6 in Long Blades
  3446 | D:4      | Noticed an ogre
  3461 | D:4      | Killed an ogre
  3619 | D:4      | Reached XP level 7. HP: 44/52 MP: 7/7
  3643 | D:4      | Reached skill level 7 in Long Blades
  3684 | D:4      | Slain by an iguana

Skill      XL: |  1  2  3  4  5  6  7 |
---------------+----------------------+-----
Long Blades    | 3 4 5 6 7 |  7.8
Fighting       | |  3.0
Armour         | |  3.0
Shields        | |  3.0

Action                   |  1- 3 |  4- 6 |  7- 9 || total
-------------------------+-------+-------+-------++-------
Melee: Long sword        |    54 |   219 |    55 ||   328
  Use: Potion            |       |       |     1 ||     1
  Eat: Chunk             |       |     9 |       ||     9
Armor: Scale mail        |    25 |   103 |    31 ||   159
Dodge: Dodged            |    25 |    71 |     8 ||   104
Block: Shield            |    31 |   122 |    25 ||   178
       Rpst.: Long sword |    10 |    25 |     4 ||    39
